 Dungeon Crawl Stone Soup version 0.30-a0-358-g0d69a1922f (webtiles) character file.

Game seed: 2730701108946179369

123 MacCMillion the Ruffian (level 4, -3/45 HPs)
             Began as a Troll Fighter on Nov 11, 2022.
             Slain by a bullfrog (7 damage)
             ... in a sewer.
             The game lasted 00:03:23 (1702 turns).

MacCMillion the Ruffian (Troll Fighter)             Turns: 1702, Time: 00:03:24

Health: -3/45      AC:  4    Str: 24    XL:     4   Next: 80%
Magic:  3/3        EV:  8    Int:  6    God:
Gold:   133        SH:  7    Dex:  9    Spells: 3/3 levels left

rFire   . . .      SeeInvis +      - Unarmed
rCold   . . .      Faith    .    b - +0 kite shield
rNeg    . . .      Spirit   .    a - +0 robe
rPois   .          Reflect  .    (helmet restricted)
rElec   .          Harm     .    (no cloak)
rCorr   .          Rampage  .    (gloves unavailable)
Will    .....                    (boots unavailable)
Stlth   +.........               h - amulet of magic regeneration
HPRegen 1.07/turn                g - ring of see invisible
MPRegen 0.48/turn                (no ring)

@: mighty
A: large, unfitting armour, claws 3, regeneration 1, shaggy fur 1, tough skin 1
a: no special abilities


You were in a sewer.
You visited 1 branch of the dungeon, and saw 3 of its levels.
You also visited: Sewer.

You collected 133 gold pieces.

Inventory:

Armour
 a - a +0 robe (worn)
 b - a +0 kite shield (worn)
Jewellery
 g - a ring of see invisible (left claw)
 h - an amulet of magic regeneration (around neck)
 m - a ring of resist corrosion
Scrolls
 e - 2 scrolls of teleportation {unknown}
 i - a scroll of brand weapon {unknown}
 j - 3 scrolls of identify {unknown}
 l - a scroll of silence {unknown}
 n - a scroll of vulnerability {unknown}
 o - a scroll of noise {unknown}
Potions
 d - 3 potions of curing {unknown}
 f - 3 potions of flight {unknown}
 k - a potion of resistance {unknown}


   Skills:
 + Level 3.1 Fighting
 - Level 2.4 Dodging
 + Level 3.4 Shields
 * Level 3.8 Unarmed Combat


You had 3 spell levels left.
You didn't know any spells.
Your spell library contained the following spells:

 Spells                   Type           Power      Damage    Failure   Level
 Sting                    Tmut/Pois      0%         1d3       75%         1
 Poisonous Vapours        Pois/Air       0%         N/A       87%         2
 Olgreb's Toxic Radiance  Pois           0%         N/A       100%        4


Dungeon Overview and Level Annotations

Branches:
Dungeon (3/15)              Sewer (1/1)

Altars:

Shops:
D:2 :   D:3 *


Innate Abilities, Weirdness & Mutations

You are too large for most types of armour.
You have claws for hands.
Your natural rate of healing is unusually fast.
You are covered in fur. (AC +1)
You have tough skin. (AC +1)


Message History

* * * LOW HITPOINT WARNING * * *
Unknown command.
You completely miss the bullfrog.
The bullfrog is heavily wounded.
The bullfrog hits you.
* * * LOW HITPOINT WARNING * * *
The bullfrog barely misses you. x2
Unknown command.
You completely miss the bullfrog.
The bullfrog is heavily wounded.
You block the bullfrog's attack. x2; The bullfrog hits you.
* * * LOW HITPOINT WARNING * * *
Unknown command.
You claw the bullfrog!
The bullfrog is severely wounded.
You block the bullfrog's attack. The bullfrog closely misses you.
The bullfrog hits you but does no damage.
You closely miss the bullfrog.
The bullfrog is severely wounded.
The bullfrog barely misses you. x3
Unknown command.
You barely miss the bullfrog.
The bullfrog is severely wounded.
You block the bullfrog's attack. The bullfrog hits you.
* * * LOW HITPOINT WARNING * * *
The bullfrog hits you but does no damage.
Unknown command.
You miss the bullfrog.
The bullfrog is severely wounded.
The bullfrog closely misses you. The bullfrog hits you.
* * * LOW HITPOINT WARNING * * *
The bullfrog hits you but does no damage.
Unknown command.
You closely miss the bullfrog.
The bullfrog is severely wounded.
The bullfrog hits you but does no damage.
The bullfrog hits you.
* * * LOW HITPOINT WARNING * * *
The bullfrog barely misses you. The bullfrog hits you!
You die...

#.# ≈≈≈≈≈≈#.~≈~.##.~.#
#.#
≈≈≈≈≈≈≈~≈~.~≈~.###~##
#.# ≈≈≈≈≈≈≈≈~≈.~≈~.# #.#
#.# ≈≈≈~≈≈≈≈≈≈.~≈~.# #.#
#.# ≈≈≈~~.≈≈≈≈≈.~≈~.#
#∩# #.#
≈≈≈~.)~≈≈≈≈~~≈~.# #.#
#.# ≈≈≈≈.$(?~≈≈≈~~≈~.#
#∩# #.#
#≈≈≈≈≈?$~~F≈≈≈~≈~.# #.#
#.# #≈≈≈≈≈...~@≈≈~≈≈~.#
### #.#
#≈≈≈≈~.~~~F≈~≈~≈~.# #~#
#≈≈..~..~~≈~≈~≈†.# #~#
#≈~∩.~~≈~~≈≈~≈≈~†# #~#
#≈≈~~~≈≈~≈≈≈~≈≈~.# #~#
#≈~≈≈≈~≈≈≈≈~≈≈~.# #~#
#≈≈≈≈~≈≈≈≈≈~~≈~.# #.#
##≈≈~≈≈≈≈≈≈.~≈~.#
#~########≈≈~≈~~~~.~≈~.#


You could see 2 bullfrogs.

Vanquished Creatures
  3 gnolls (D:2)
  3 adders
  A dart slug (D:3)
  An orc (D:3)
  5 endoplasms
  4 giant cockroaches
  4 goblins
  4 hobgoblins
  2 jackals (D:2)
  4 quokkas
  12 ball pythons
  6 bats
  11 frilled lizards
  3 kobolds (D:1)
  6 rats
69 creatures vanquished.

Notes
Turn   | Place    | Note
-------+----------+-------------------------------------------
     0 | D:1      | MacCMillion the Troll Fighter began the quest for the Orb.
     0 | D:1      | Reached XP level 1. HP: 22/22 MP: 0/0
   155 | D:1      | Reached XP level 2. HP: 29/29 MP: 1/1
   808 | D:2      | Found a faded altar of an unknown god.
   825 | D:2      | Reached XP level 3. HP: 36/36 MP: 2/2
  1034 | D:2      | Reached XP level 4. HP: 44/44 MP: 3/3
  1310 | D:2      | Found Numea's Book Boutique.
  1467 | D:3      | Found Joerulu's Assorted Antiques.
  1469 | D:3      | Found a glowing drain.
  1489 | Sewer    | Entered a sewer
  1685 | Sewer    | Noticed a bullfrog
  1689 | Sewer    | Noticed a bullfrog
  1702 | Sewer    | Slain by a bullfrog

Illustrated notes

Levels and vault maps discovered:
D:1:      lightli_arrival_flooded_house, layout_basic, serial_rivers,
          chequers_serial_rivers_micro_c, chequers_serial_rivers_micro_c,
          chequers_serial_rivers_small_b, chequers_serial_rivers_room_b
D:2:      layout_loops_ring, ebering_ecumenical_altar_petrified, serial_shops,
          nicolae_shop_statue_plus
D:3:      layout_basic, nicolae_overflow_crystal_walls,
          grunt_temple_overflow_open, cheibrodos_sewer_entry_sluice,
          ebering_ghost_sewer_f, serial_shops, nicolae_shop_statue_plus,
          nicolae_shop_temple_entry_statues_fountains,
          chequers_hall_statues_wall_a, uniq_robin
Sewer:    sewer_frog_island_01

Skill      XL: |  1  2  3  4 |
---------------+-------------+-----
Shields        | 3 |  3.4
Unarmed Combat | 3 |  3.8
Fighting       | 3 |  3.1
Dodging        | |  2.4

Action                   |  1- 3 |  4- 6 || total
-------------------------+-------+-------++-------
Melee: Unarmed           |    93 |    91 ||   184
  Use: Potion            |       |     1 ||     1
Armor: Robe              |    30 |    50 ||    80
Dodge: Dodged            |    23 |    57 ||    80
Block: Kite shield       |    32 |    48 ||    80

Table legend: (Time is in decaauts)
 A = Elapsed time spent in this place.
 B = Non-inter-level travel time spent in this place.
 C = Inter-level travel time spent in this place.
 D = Time resting spent in this place.
 E = Time spent auto-exploring this place.
 F = Levels seen in this place.
 G = Mean time per level.
                   A        B        C        D        E       F      G
               +--------+--------+--------+--------+--------+-----+--------+
         Total |   1756 |   1718 |     38 |     10 |   1287 |   4 |  439.0 |
       Dungeon |   1503 |   1465 |     38 |     10 |   1177 |   3 |  501.0 |
         Sewer |    252 |    252 |      0 |      0 |    109 |   1 |  252.0 |
               +--------+--------+--------+--------+--------+-----+--------+

Top non-repeatable levels by time:
     D:1: 793 daAuts
     D:2: 663 daAuts
   Sewer: 252 daAuts
     D:3: 46 daAuts
